[Event "ESTCC-65 2025"]
[Site "Swidnica"]
[Date "2025.04.05"]
[Round "1.1"]
[White "Raupp, Thomas"]
[Black "Quinn, John M"]
[Result "1/2-1/2"]
[Annotator "ChessBase"]
[ECO "E73"]
[WhiteElo "2247"]
[BlackElo "2073"]
[PlyCount "66"]
[EventDate "2025.04.05"]
[EventType "team-tourn"]
[EventCountry "POL"]
[SourceTitle "playchess.com"]
[Source "ChessBase"]
[SourceQuality "1"]
[WhiteTeam "Germany"]
[BlackTeam "England"]
[WhiteTeamCountry "GER"]
[BlackTeamCountry "ENG"]
[TimeControl "40/5400+30:1800+30"]

1. d4 Nf6 2. c4 g6 3. Nc3 Bg7 4. e4 d6 5. Be2 O-O 6. Be3 e5 7. d5 Na6 8. g4 Nc5 9. f3 h5 10. g5 Nh7 11. h4 f6 12. Qd2 fxg5 13. hxg5 Rf4 14. b4 Na6 15. Rb1 Nxg5 16. c5 Qf6 17. c6 Nf7 18. Bc4 Rh4 19. Rxh4 Qxh4+ 20. Kd1 Bf6 21. Qe2 Bg5 22. Bxg5 Nxg5 23. cxb7 Bxb7 24. Bxa6 Bxa6 25. Qxa6 Qf2 26. Nce2 Nxf3 27. Nxf3 Qxf3 28. Rc1 Qxe4 29. Qb7 Rf8 30. Rxc7 Qd3+ 31. Ke1 Qb1+ 32. Kd2 Qxa2+ 33. Rc2 Qb3 1/2-1/2

[Event "ESTCC-65 2025"]
[Site "Swidnica"]
[Date "2025.04.05"]
[Round "1.2"]
[White "Bowmer, Kevin"]
[Black "Miltner, Arndt"]
[Result "1/2-1/2"]
[Annotator "ChessBase"]
[ECO "C41"]
[WhiteElo "2126"]
[BlackElo "2232"]
[PlyCount "38"]
[EventDate "2025.04.05"]
[EventType "team-tourn"]
[EventCountry "POL"]
[SourceTitle "playchess.com"]
[Source "ChessBase"]
[SourceQuality "1"]
[WhiteTeam "England"]
[BlackTeam "Germany"]
[WhiteTeamCountry "ENG"]
[BlackTeamCountry "GER"]
[TimeControl "40/5400+30:1800+30"]

1. e4 d6 2. d4 Nf6 3. Nc3 e5 4. Nf3 Nbd7 5. Bc4 Be7 6. O-O O-O 7. Re1 Nb6 8. Bf1 exd4 9. Nxd4 d5 10. exd5 Nbxd5 11. Nxd5 Nxd5 12. Qf3 c6 13. c3 Bf6 14. Nb3 Qb6 15. c4 Ne7 16. Be3 Qc7 17. Bf4 Qb6 18. Be3 Qc7 19. Bf4 Qb6 1/2-1/2

[Event "ESTCC-65 2025"]
[Site "Swidnica"]
[Date "2025.04.05"]
[Round "1.3"]
[White "Vatter, Hans-Joachim"]
[Black "Hewson, Brian W R"]
[Result "1/2-1/2"]
[Annotator "ChessBase"]
[ECO "B13"]
[WhiteElo "2192"]
[BlackElo "2066"]
[PlyCount "89"]
[EventDate "2025.04.05"]
[EventType "team-tourn"]
[EventCountry "POL"]
[SourceTitle "playchess.com"]
[Source "ChessBase"]
[SourceQuality "1"]
[WhiteTeam "Germany"]
[BlackTeam "England"]
[WhiteTeamCountry "GER"]
[BlackTeamCountry "ENG"]
[TimeControl "40/5400+30:1800+30"]

1. e4 c6 2. d4 d5 3. exd5 cxd5 4. Bd3 Nc6 5. c3 Qc7 6. h3 g6 7. Qc2 Bg7 8. Nf3 Nf6 9. O-O O-O 10. Re1 Nh5 11. Be3 Nf4 12. Bf1 Nh5 13. Bd3 Nf4 14. Bf1 Nh5 15. Qb3 Nf6 16. Nbd2 Na5 17. Qd1 b6 18. Ne5 Nd7 19. Nxd7 Bxd7 20. Qf3 Be6 21. Bf4 Qd7 22. Qe3 Nc4 23. Bxc4 dxc4 24. Be5 Rfe8 25. Bxg7 Kxg7 26. Nf3 Bd5 27. Ne5 Qe6 28. Qg3 Qf5 29. Re2 h5 30. f4 Rac8 31. Rae1 Rc7 32. Qf2 e6 33. Re3 Rh8 34. Rg3 Qf6 35. Rg5 Rh6 36. Qe3 Qd8 37. Rg3 Qf6 38. Rf1 Qf5 39. Re1 Qc2 40. Re2 Qb1+ 41. Kh2 Qf5 42. Rg5 Qf6 43. Rf2 Qd8 44. Rg3 Qf6 45. Rg5 1/2-1/2

[Event "ESTCC-65 2025"]
[Site "Swidnica"]
[Date "2025.04.05"]
[Round "1.4"]
[White "Higgie, Charles L"]
[Black "Vogel, Robert"]
[Result "0-1"]
[Annotator "NA"]
[ECO "B06"]
[WhiteElo "1992"]
[BlackElo "2145"]
[PlyCount "78"]
[EventDate "2025.04.05"]
[EventType "team-tourn"]
[EventCountry "POL"]
[SourceTitle "playchess.com"]
[Source "ChessBase"]
[SourceQuality "1"]
[WhiteTeam "England"]
[BlackTeam "Germany"]
[WhiteTeamCountry "ENG"]
[BlackTeamCountry "GER"]
[TimeControl "40/5400+30:1800+30"]

1. e4 g6 2. d4 Bg7 3. Nc3 d6 4. Be3 c6 5. Qd2 b5 6. f3 Nd7 7. d5 b4 8. dxc6 bxc3 9. cxd7+ Bxd7 10. bxc3 Qa5 11. Bd4 Nf6 12. Bd3 O-O 13. Ne2 e5 14. Be3 d5 15. O-O dxe4 16. fxe4 Bc6 17. Ng3 Rad8 18. Bg5 Rd6 19. Qe1 Qc7 20. Rf3 h6 21. Bh4 Bd7 22. Ne2 Bg4 23. Rf2 Rc8 24. c4 Bxe2 25. Qxe2 Nh5 26. g3 Rd7 27. Qe3 Qc5 28. Re1 Qxe3 29. Rxe3 Bf8 30. g4 Nf4 31. Rxf4 exf4 32. Rf3 g5 33. Be1 Rb8 34. Bc3 Bc5+ 35. Kg2 Bd4 36. Bf1 Bxc3 37. Rxc3 Rd2+ 38. Kf3 Rb1 39. Bd3 Re1 0-1

[Event "ESTCC-65 2025"]
[Site "Swidnica"]
[Date "2025.04.05"]
[Round "1.5"]
[White "Mononen, Heikki"]
[Black "Vadlja, Stjepan"]
[Result "1-0"]
[Annotator "NA"]
[ECO "C03"]
[WhiteElo "1830"]
[BlackElo "1697"]
[PlyCount "51"]
[EventDate "2025.04.05"]
[EventType "team-tourn"]
[EventCountry "POL"]
[SourceTitle "playchess.com"]
[Source "ChessBase"]
[SourceQuality "1"]
[WhiteTeam "Finland"]
[BlackTeam "Croatia"]
[WhiteTeamCountry "FIN"]
[BlackTeamCountry "CRO"]
[TimeControl "40/5400+30:1800+30"]

1. e4 e6 2. d4 d5 3. Nd2 dxe4 4. Nxe4 Nf6 5. Nxf6+ Qxf6 6. Nf3 Qd8 7. Bd3 Be7 8. Qe2 Bf6 9. c3 Qe7 10. Bf4 c6 11. O-O-O Nd7 12. g4 g6 13. h4 Bg7 14. h5 Nf8 15. h6 Rg8 16. hxg7 Rxg7 17. Bh6 Rg8 18. Bxf8 Qxf8 19. Rxh7 Bd7 20. Ne5 O-O-O 21. Nxf7 Re8 22. Qe5 Re7 23. Nd6+ Kd8 24. Nxb7+ Kc8 25. Nd6+ Kd8 26. Qa5# 1-0

[Event "ESTCC-65 2025"]
[Site "Swidnica"]
[Date "2025.04.05"]
[Round "1.6"]
[White "Sobocanec, Alojz"]
[Black "Joentausta, Hannu"]
[Result "0-1"]
[Annotator "NA"]
[ECO "E00"]
[WhiteElo "1792"]
[BlackElo "2081"]
[PlyCount "108"]
[EventDate "2025.04.05"]
[EventType "team-tourn"]
[EventCountry "POL"]
[SourceTitle "playchess.com"]
[Source "ChessBase"]
[SourceQuality "1"]
[WhiteTeam "Croatia"]
[BlackTeam "Finland"]
[WhiteTeamCountry "CRO"]
[BlackTeamCountry "FIN"]
[TimeControl "40/5400+30:1800+30"]

1. d4 Nf6 2. c4 e6 3. a3 d5 4. Nc3 Be7 5. Nf3 O-O 6. e3 b6 7. Be2 Bb7 8. O-O Nbd7 9. b3 c5 10. Bb2 a6 11. Rc1 Ra7 12. Qc2 Qa8 13. Rfd1 Rc8 14. Ne1 h6 15. Qd2 cxd4 16. exd4 Ne4 17. Nxe4 dxe4 18. Qc3 Bg5 19. Rc2 Qb8 20. Bc1 Bxc1 21. Rcxc1 Nf6 22. Qg3 Qxg3 23. hxg3 Ba8 24. Nc2 Rd7 25. f3 Rcd8 26. Kf2 Bb7 27. g4 g5 28. Ke3 Kg7 29. Rd2 h5 30. gxh5 exf3 31. Bxf3 Bxf3 32. gxf3 Nxh5 33. Rg1 Kg6 34. Rdg2 f6 35. Rg4 Ng7 36. Ke2 Nf5 37. Rd1 Rh8 38. Rg2 Rh3 39. Rd3 Kf7 40. Kd2 Nh4 41. Rf2 Ng6 42. d5 exd5 43. Rxd5 Rxd5+ 44. cxd5 Ne5 45. Ke2 g4 46. fxg4 Nxg4 47. Rf3 Rh2+ 48. Kd1 Rh5 49. Ne3 Nxe3+ 50. Rxe3 Rxd5+ 51. Kc2 f5 52. Rh3 Rd6 53. b4 b5 54. Kc3 Kg6 0-1

[Event "ESTCC-65 2025"]
[Site "Swidnica"]
[Date "2025.04.05"]
[Round "1.7"]
[White "Vinke, Dietmar"]
[Black "Novak, Stjepan"]
[Result "1-0"]
[Annotator "NA"]
[ECO "A04"]
[WhiteElo "2078"]
[BlackElo "1671"]
[PlyCount "53"]
[EventDate "2025.04.05"]
[EventType "team-tourn"]
[EventCountry "POL"]
[SourceTitle "playchess.com"]
[Source "ChessBase"]
[SourceQuality "1"]
[WhiteTeam "Finland"]
[BlackTeam "Croatia"]
[WhiteTeamCountry "FIN"]
[BlackTeamCountry "CRO"]
[TimeControl "40/5400+30:1800+30"]

1. Nf3 b6 2. g3 c5 3. Bg2 Nc6 4. O-O Bb7 5. e4 e5 6. d3 Nge7 7. c4 Ng6 8. Nc3 Nd4 9. Nxd4 cxd4 10. Nd5 Bxd5 11. cxd5 Bd6 12. Bd2 O-O 13. Bh3 a5 14. Qa4 Ra7 15. b4 Ne7 16. Rab1 Qa8 17. bxa5 bxa5 18. Rb5 Bb4 19. Bxb4 axb4 20. Qxb4 Ng6 21. Rb1 Rxa2 22. Rb8 Rxb8 23. Qxb8+ Qxb8 24. Rxb8+ Nf8 25. Bxd7 Rd2 26. Bb5 Rb2 27. d6 1-0

[Event "ESTCC-65 2025"]
[Site "Swidnica"]
[Date "2025.04.05"]
[Round "1.8"]
[White "Petanjek, Zvonko"]
[Black "Patola, Eero"]
[Result "1/2-1/2"]
[Annotator "NA"]
[ECO "B01"]
[WhiteElo "1732"]
[BlackElo "1872"]
[PlyCount "159"]
[EventDate "2025.04.05"]
[EventType "team-tourn"]
[EventCountry "POL"]
[SourceTitle "playchess.com"]
[Source "ChessBase"]
[SourceQuality "1"]
[WhiteTeam "Croatia"]
[BlackTeam "Finland"]
[WhiteTeamCountry "CRO"]
[BlackTeamCountry "FIN"]
[TimeControl "40/5400+30:1800+30"]

1. e4 d5 2. exd5 Nf6 3. Nc3 Nxd5 4. Nxd5 Qxd5 5. Qe2 g6 6. Qb5+ c6 7. Qxd5 cxd5 8. Bb5+ Bd7 9. Bxd7+ Nxd7 10. d4 Bg7 11. c3 O-O 12. Nf3 Nb6 13. O-O Rfe8 14. Re1 Rac8 15. Rb1 Nc4 16. Be3 b5 17. a3 a5 18. Nd2 e6 19. Nxc4 Rxc4 20. f4 Rb8 21. Bd2 Bf8 22. b3 Rc6 23. b4 axb4 24. axb4 Ra6 25. Ra1 Rba8 26. Rxa6 Rxa6 27. Kf2 Bd6 28. g3 Kg7 29. h4 Ra2 30. Ke3 h5 31. Re2 Kf6 32. Kf3 Kf5 33. Be1 Rxe2 34. Kxe2 Ke4 35. Bd2 f6 36. Be1 e5 37. fxe5 fxe5 38. dxe5 Bxe5 39. Kd2 Kf3 40. Kd3 Kg2 41. Ke3 Kf1 42. Kd2 Bxc3+ 43. Kxc3 Kxe1 44. Kd4 Kf2 45. Kxd5 Kxg3 46. Kc5 Kxh4 47. Kxb5 g5 48. Kc6 g4 49. b5 g3 50. b6 g2 51. b7 g1=Q 52. b8=Q Qg2+ 53. Kd7 Qd5+ 54. Ke7 Qg5+ 55. Ke6 Qg6+ 56. Kd7 Qf7+ 57. Kc6 Qe6+ 58. Kc5 Qf5+ 59. Kc6 Kg4 60. Qh2 Qf3+ 61. Kd7 h4 62. Qg1+ Kh3 63. Qa1 Qg4+ 64. Kc6 Qf3+ 65. Kd7 Kg2 66. Qg7+ Qg3 67. Qb2+ Qf2 68. Qg7+ Kf1 69. Qa1+ Qe1 70. Qf6+ Ke2 71. Qe5+ Kf1 72. Qf6+ Kg1 73. Qg5+ Qg3 74. Qc1+ Kh2 75. Qb2+ Kh3 76. Qa1 Qd3+ 77. Kc6 Qg6+ 78. Kd7 Qd3+ 79. Kc6 Qc4+ 80. Kd7 1/2-1/2

[Event "ESTCC-65 2025"]
[Site "Swidnica"]
[Date "2025.04.05"]
[Round "1.9"]
[White "Rooze, Jan"]
[Black "Nunn, John D M"]
[Result "1/2-1/2"]
[Annotator "TA"]
[ECO "B51"]
[WhiteElo "2198"]
[BlackElo "2528"]
[PlyCount "54"]
[EventDate "2025.04.05"]
[EventType "team-tourn"]
[EventCountry "POL"]
[SourceTitle "playchess.com"]
[Source "ChessBase"]
[SourceQuality "1"]
[WhiteTeam "Belgium"]
[BlackTeam "England"]
[WhiteTeamCountry "BEL"]
[BlackTeamCountry "ENG"]
[TimeControl "40/5400+30:1800+30"]

1. e4 c5 2. Nf3 d6 3. Bb5+ Nd7 4. a4 Ngf6 5. Nc3 g6 6. O-O {[%emt 0:05:53] B51: Sicilian: Moscow Variation (3 Bb5+) without 3...Bd7.} Bg7 7. a5 O-O 8. Re1 {[%emt 0:06:59] White has an edge.} Ng4 9. d4 $146 {[%emt 0:07:06] Prevents Nge5.} (9. d3 Nge5 10. Nxe5 Nxe5 11. f4 Nc6 12. a6 Qb6 13. axb7 Bxb7 14. Bc4 e6 15. Kh1 {0-1 Seo,J (2514)-Korchmar,V (2438) Titled Tuesday intern op 09th Aug Early blitz 2022 (6)}) 9... cxd4 10. Nxd4 a6 11. Be2 {[%emt 0:02:54] A sharp opening} Nge5 12. f4 Nc6 13. Nb3 b6 14. axb6 Qxb6+ 15. Kh1 Bb7 16. Nd5 Qd8 17. Bd2 (17. Nc3 $11) 17... e6 (17... Bxb2 $5 18. Ra2 Bf6 $11) 18. Na5 exd5 19. Nxb7 Qc7 20. exd5 Nd4 21. Na5 Qxc2 22. Nc4 Rfe8 {[%emt 0:04:18] [#] White must now prevent ...Rxe2.} 23. Bf1 Rxe1 24. Bxe1 Qe4 25. Nxd6 Qxf4 26. Bg3 (26. Rxa6 $2 Qxf1#) 26... Qg5 27. Ra4 Nf5 {[%emt 0:01:54] Weighted Error Value: White=0.09 (flawless) /Black=0.06 (flawless)   Mistake:       	White=1     	---        Inaccurate:     	White=2     	Black=2      OK:         	White=10    	Black=13     Best:        	White=2     	---        Strong:       	White=1     	---} 1/2-1/2

[Event "ESTCC-65 2025"]
[Site "Swidnica"]
[Date "2025.04.05"]
[Round "1.10"]
[White "Mestel, A Jonathan"]
[Black "Goormachtigh, Johan"]
[Result "1-0"]
[Annotator "RC"]
[ECO "B48"]
[WhiteElo "2449"]
[BlackElo "2207"]
[PlyCount "64"]
[EventDate "2025.04.05"]
[EventType "team-tourn"]
[EventCountry "POL"]
[SourceTitle "playchess.com"]
[Source "ChessBase"]
[SourceQuality "1"]
[WhiteTeam "England"]
[BlackTeam "Belgium"]
[WhiteTeamCountry "ENG"]
[BlackTeamCountry "BEL"]
[TimeControl "40/5400+30:1800+30"]

1. e4 c5 2. Nf3 e6 3. d4 cxd4 4. Nxd4 Nc6 5. Nc3 Qc7 6. Be3 a6 7. Qd2 Nf6 8. O-O-O Bb4 9. f3 O-O 10. a3 Be7 11. g4 b5 12. h4 b4 13. axb4 Bxb4 14. h5 d5 15. g5 Ne8 16. Nxc6 Qxc6 17. exd5 exd5 18. Qxd5 Bb7 19. Qxc6 Bxc6 20. Nd5 Bxd5 21. Rxd5 Nc7 22. Rd3 Ne6 23. c3 Be7 24. f4 a5 25. Bg2 Rab8 26. Bd5 Bc5 27. g6 Bxe3+ 28. Rxe3 Nxf4 29. Bxf7+ Kh8 30. Rf1 Nxh5 31. Rh1 Nf6 32. Re6 Rxf7 1-0

[Event "ESTCC-65 2025"]
[Site "Swidnica"]
[Date "2025.04.05"]
[Round "1.11"]
[White "Stuer, Marc"]
[Black "Large, Peter G"]
[Result "1/2-1/2"]
[Annotator "ChessBase"]
[ECO "A46"]
[WhiteElo "2038"]
[BlackElo "2342"]
[PlyCount "82"]
[EventDate "2025.04.05"]
[EventType "team-tourn"]
[EventCountry "POL"]
[SourceTitle "playchess.com"]
[Source "ChessBase"]
[SourceQuality "1"]
[WhiteTeam "Belgium"]
[BlackTeam "England"]
[WhiteTeamCountry "BEL"]
[BlackTeamCountry "ENG"]
[TimeControl "40/5400+30:1800+30"]

1. d4 Nf6 2. Nf3 e6 3. g3 d5 4. Bg2 Bd6 5. O-O O-O 6. c4 Nc6 7. b3 a5 8. Bb2 a4 9. bxa4 dxc4 10. Nfd2 Na5 11. e4 Bb4 12. Qc2 c5 13. dxc5 Qd3 14. Qxd3 cxd3 15. Rc1 Rd8 16. a3 Bxd2 17. Nxd2 Bd7 18. Bc3 Bxa4 19. Bxa5 Rxa5 20. Rab1 Bc6 21. Rc3 e5 22. Rbb3 g5 23. Rxd3 Rxd3 24. Rxd3 Rxc5 25. f3 Rc2 26. Nf1 Bd7 27. Ne3 Rc1+ 28. Kf2 Be6 29. Nd5 Rc2+ 30. Kg1 Kg7 31. Rc3 Rb2 32. Nb4 g4 33. Nd3 Rb1+ 34. Kf2 gxf3 35. Bxf3 Nd7 36. Ke3 b6 37. Nb4 Nc5 38. Nd5 Bxd5 39. exd5 e4 40. Bg4 Rf1 41. d6 Rf6 1/2-1/2

[Event "ESTCC-65 2025"]
[Site "Swidnica"]
[Date "2025.04.05"]
[Round "1.12"]
[White "Baker, Chris W"]
[Black "Van Herck, Marcel"]
[Result "1-0"]
[Annotator "ChessBase"]
[ECO "A46"]
[WhiteElo "2151"]
[BlackElo "1962"]
[PlyCount "63"]
[EventDate "2025.04.05"]
[EventType "team-tourn"]
[EventCountry "POL"]
[SourceTitle "playchess.com"]
[Source "ChessBase"]
[SourceQuality "1"]
[WhiteTeam "England"]
[BlackTeam "Belgium"]
[WhiteTeamCountry "ENG"]
[BlackTeamCountry "BEL"]
[TimeControl "40/5400+30:1800+30"]

1. d4 Nf6 2. Nf3 e6 3. g3 d5 4. Bg2 Be7 5. O-O O-O 6. c4 dxc4 7. Qc2 a6 8. Bg5 h6 9. Bxf6 Bxf6 10. Nc3 Bd7 11. Rfd1 Bc6 12. e4 g6 13. a4 b6 14. d5 exd5 15. Nxd5 Bxd5 16. Rxd5 Qe7 17. e5 Bg7 18. Qxc4 c6 19. Rd6 Nd7 20. Rxg6 b5 21. Rxg7+ Kxg7 22. Qg4+ Kh8 23. Qh5 Kg7 24. Rd1 Nc5 25. Rd4 Rh8 26. Nh4 Kf8 27. Bxc6 Rd8 28. Qf3 Rg8 29. Nf5 Qg5 30. Rxd8+ Qxd8 31. axb5 axb5 32. Qd1 1-0

[Event "ESTCC-65 2025"]
[Site "Swidnica"]
[Date "2025.04.05"]
[Round "1.13"]
[White "Janocha, Wieslaw"]
[Black "Beilfuss, Wilfried"]
[Result "1-0"]
[Annotator "ChessBase"]
[ECO "B30"]
[WhiteElo "2186"]
[BlackElo "2070"]
[PlyCount "33"]
[EventDate "2025.04.05"]
[EventType "team-tourn"]
[EventCountry "POL"]
[SourceTitle "playchess.com"]
[Source "ChessBase"]
[SourceQuality "1"]
[WhiteTeam "Poland"]
[BlackTeam "Germany"]
[WhiteTeamCountry "POL"]
[BlackTeamCountry "GER"]
[TimeControl "40/5400+30:1800+30"]

1. e4 c5 2. Nf3 Nc6 3. Bb5 Nf6 4. e5 Nd5 5. Nc3 Nc7 6. Bxc6 dxc6 7. d3 g6 8. h3 Bg7 9. O-O O-O 10. Re1 Ne6 11. b3 b6 12. Bb2 Qc7 13. Ne4 Bd7 14. Qd2 Rad8 15. Nf6+ exf6 16. exf6 Qf4 17. fxg7 1-0

[Event "ESTCC-65 2025"]
[Site "Swidnica"]
[Date "2025.04.05"]
[Round "1.14"]
[White "Woestmann, Hans-Joachim"]
[Black "Zyla, Janusz"]
[Result "0-1"]
[Annotator "ChessBase"]
[ECO "D34"]
[WhiteElo "2029"]
[BlackElo "2181"]
[PlyCount "98"]
[EventDate "2025.04.05"]
[EventType "team-tourn"]
[EventCountry "POL"]
[SourceTitle "playchess.com"]
[Source "ChessBase"]
[SourceQuality "1"]
[TimeControl "40/5400+30:1800+30"]

1. Nf3 d5 2. d4 c5 3. c4 e6 4. cxd5 exd5 5. Nc3 Nc6 6. g3 Nf6 7. Bg2 Be7 8. O-O Be6 9. b3 O-O 10. Bb2 Ne4 11. Rc1 Bf6 12. dxc5 Qa5 13. Qe1 Bxc3 14. Bxc3 Qxa2 15. Qd1 Rfd8 16. e3 Bg4 17. Bd4 Bxf3 18. Bxf3 Nd2 19. Re1 Nxf3+ 20. Qxf3 Qxb3 21. Qg4 Nxd4 22. exd4 Rab8 23. Re7 a5 24. Qf5 Rf8 25. Rb1 Qc4 26. Qf4 a4 27. Rbxb7 Rxb7 28. Rxb7 a3 29. Ra7 a2 30. Qd2 Rb8 31. Rxa2 Rb1+ 32. Kg2 Qf1+ 33. Kf3 h5 34. Kf4 Re1 35. Kg5 Re6 36. Kh4 Rg6 37. h3 Qh1 38. Ra8+ Kh7 39. Qd3 Qc1 40. Qe3 Qb1 41. Qe8 Rh6 42. Qg8+ Kg6 43. Ra6+ f6 44. Qxd5 Kh7 45. Ra7 Rg6 46. Re7 Qg1 47. Qf5 Qd1 48. Re4 Kh6 49. Rg4 Rxg4+ 0-1

[Event "ESTCC-65 2025"]
[Site "Swidnica"]
[Date "2025.04.05"]
[Round "1.15"]
[White "Czajkowski, Ryszard"]
[Black "Mueller, Gerhard"]
[Result "1/2-1/2"]
[Annotator "NA"]
[ECO "D48"]
[WhiteElo "1963"]
[BlackElo "2052"]
[PlyCount "36"]
[EventDate "2025.04.05"]
[EventType "team-tourn"]
[EventCountry "POL"]
[SourceTitle "playchess.com"]
[Source "ChessBase"]
[SourceQuality "1"]
[WhiteTeam "Poland"]
[BlackTeam "Germany"]
[WhiteTeamCountry "POL"]
[BlackTeamCountry "GER"]
[TimeControl "40/5400+30:1800+30"]

1. d4 d5 2. c4 c6 3. Nf3 Nf6 4. Nc3 e6 5. e3 Nbd7 6. Bd3 dxc4 7. Bxc4 b5 8. Bd3 a6 9. O-O c5 10. Qe2 Bb7 11. Rd1 Qb6 12. Bd2 Be7 13. Rac1 O-O 14. Be1 Rfd8 15. Bc2 Nf8 16. dxc5 Bxc5 17. a3 Rxd1 18. Rxd1 Rd8 1/2-1/2

[Event "ESTCC-65 2025"]
[Site "Swidnica"]
[Date "2025.04.05"]
[Round "1.16"]
[White "Lange, Torsten"]
[Black "Krupa, Krzysztof"]
[Result "1-0"]
[Annotator "NA"]
[ECO "A28"]
[WhiteElo "2025"]
[BlackElo "1919"]
[PlyCount "101"]
[EventDate "2025.04.05"]
[EventType "team-tourn"]
[EventCountry "POL"]
[SourceTitle "playchess.com"]
[Source "ChessBase"]
[SourceQuality "1"]
[WhiteTeam "Germany"]
[BlackTeam "Poland"]
[WhiteTeamCountry "GER"]
[BlackTeamCountry "POL"]
[TimeControl "40/5400+30:1800+30"]

1. c4 e5 2. Nc3 Nc6 3. Nf3 Nf6 4. d4 exd4 5. Nxd4 Bb4 6. Bg5 h6 7. Bh4 g5 8. Bg3 Ne4 9. Nxc6 Bxc3+ 10. bxc3 dxc6 11. Qd4 Qxd4 12. cxd4 Be6 13. e3 O-O-O 14. f3 Nd6 15. Be5 Rhg8 16. Rc1 Nf5 17. Kf2 Rdf8 18. g4 Nh4 19. Bg3 f5 20. Bxh4 gxh4 21. gxf5 Bxf5 22. Be2 Rg6 23. Rhg1 Rgf6 24. Rg7 R6f7 25. Rcg1 Kd7 26. Ke1 Bb1 27. a3 c5 28. Kd2 Bf5 29. e4 Bh3 30. Ke3 cxd4+ 31. Kxd4 Ke7 32. f4 Rd8+ 33. Ke3 Rxg7 34. Rxg7+ Kd6 35. e5+ Kc6 36. Bf3+ Kb6 37. c5+ Kb5 38. Rxc7 Bf5 39. Be2+ Ka4 40. Rxb7 a5 41. Rf7 Bd7 42. f5 Kxa3 43. e6 Bc6 44. Rc7 Be8 45. f6 Bg6 46. Rd7 Re8 47. e7 Kb4 48. c6 Kc5 49. Bf3 Kb6 50. Kd4 Bf7 51. Bd5 1-0

[Event "ESTCC-65 2025"]
[Site "Swidnica"]
[Date "2025.04.06"]
[Round "2.1"]
[White "Nunn, John D M"]
[Black "Janocha, Wieslaw"]
[Result "1/2-1/2"]
[Annotator "TA"]
[ECO "B04"]
[WhiteElo "2528"]
[BlackElo "2186"]
[PlyCount "52"]
[EventDate "2025.04.05"]
[EventType "team-tourn"]
[EventCountry "POL"]
[SourceTitle "playchess.com"]
[Source "ChessBase"]
[SourceQuality "1"]
[WhiteTeam "England"]
[BlackTeam "Poland"]
[WhiteTeamCountry "ENG"]
[BlackTeamCountry "POL"]
[TimeControl "40/5400+30:1800+30"]

1. e4 Nf6 2. e5 Nd5 3. d4 d6 4. Nf3 dxe5 5. Nxe5 g6 6. Be2 Bg7 7. O-O O-O {[%emt 0:01:21][%cal Oc7c5] B04: Alekhine's Defence: 4 Nf3.} 8. c4 Nb6 9. Nc3 Be6 {[%emt 0:01:24] White has an edge.} 10. d5 {[%emt 0:11:33] Against Nc6} Bxd5 11. Nxg6 hxg6 {[%emt 0:02:35] A sharp opening} 12. cxd5 $146 (12. Nxd5 Nc6 13. Bg5 Bxb2 14. Rb1 Be5 15. f4 Bd4+ 16. Kh1 f6 17. Bh6 Rf7 18. Qd3 {½-½ Vorontsov,N (2360)-Kupreichik,V (2500) Kurgan 1995 (4)}) 12... Bxc3 13. bxc3 Qxd5 14. Qc2 {[%emt 0:16:39] Strongly threatening Bf3. White sacrificed a pawn} Nc6 15. Re1 Rfe8 16. Bf4 e5 17. Rad1 Qc5 18. Be3 {[%emt 0:03:46] [#] A strong pair of Bishops.} Nd4 $1 19. Bxd4 {[%emt 0:04:47] The position is equal.} exd4 20. Rxd4 Nd5 21. Kf1 $1 Qxc3 (21... Nxc3 $2 {loses.} 22. Rc4 Qe5 (22... Rxe2 $2 23. Qxe2 Nxe2 24. Rxc5 $18) 23. Rxc3 $18 (23. Qxc3 Qxh2 24. Qh3 Qxh3 $18)) (21... Qd6 {with more complications.} 22. g3 Qc6 23. Bf3 Rxe1+ 24. Kxe1 Ne3) 22. Qxc3 Nxc3 23. Bf3 $1 c6 24. Rc1 Nd5 25. Bxd5 cxd5 26. Rxd5 Re7 {[%emt 0:00:09] Weighted Error Value: White=0.06 (flawless) /Black=0.03 (flawless)   Inaccurate:     	White=2     	---        OK:         	White=7     	Black=8      Best:        	White=1     	---        Strong:       	White=2     	---} 1/2-1/2

[Event "ESTCC-65 2025"]
[Site "Swidnica"]
[Date "2025.04.06"]
[Round "2.2"]
[White "Zyla, Janusz"]
[Black "Kosten, Anthony C."]
[Result "1/2-1/2"]
[Annotator "ChessBase"]
[ECO "C70"]
[WhiteElo "2181"]
[BlackElo "2366"]
[PlyCount "43"]
[EventDate "2025.04.05"]
[EventType "team-tourn"]
[EventCountry "POL"]
[SourceTitle "playchess.com"]
[Source "ChessBase"]
[SourceQuality "1"]
[WhiteTeam "Poland"]
[BlackTeam "England"]
[WhiteTeamCountry "POL"]
[BlackTeamCountry "ENG"]
[TimeControl "40/5400+30:1800+30"]

1. e4 e5 2. Nf3 Nc6 3. Bb5 a6 4. Ba4 Bc5 5. O-O Nge7 6. c3 Ng6 7. d4 Ba7 8. Bg5 f6 9. Be3 O-O 10. Nbd2 d6 11. Re1 Kh8 12. Nf1 exd4 13. Nxd4 Nxd4 14. Bxd4 Bxd4 15. Qxd4 Be6 16. Ne3 Qe7 17. Bc2 Qf7 18. b3 Rad8 19. Rad1 Ne7 20. Nd5 Nxd5 21. exd5 Bd7 22. Re3 1/2-1/2

[Event "ESTCC-65 2025"]
[Site "Swidnica"]
[Date "2025.04.06"]
[Round "2.3"]
[White "Large, Peter G"]
[Black "Czajkowski, Ryszard"]
[Result "1-0"]
[Annotator "ChessBase"]
[ECO "C11"]
[WhiteElo "2342"]
[BlackElo "1963"]
[PlyCount "117"]
[EventDate "2025.04.05"]
[EventType "team-tourn"]
[EventCountry "POL"]
[SourceTitle "playchess.com"]
[Source "ChessBase"]
[SourceQuality "1"]
[WhiteTeam "England"]
[BlackTeam "Poland"]
[WhiteTeamCountry "ENG"]
[BlackTeamCountry "POL"]
[TimeControl "40/5400+30:1800+30"]

1. e4 e6 2. d4 d5 3. Nc3 Nf6 4. Bg5 dxe4 5. Nxe4 Nbd7 6. Nf3 h6 7. Nxf6+ Nxf6 8. Be3 Be7 9. Bc4 O-O 10. O-O b6 11. Qe2 Bb7 12. Rad1 Qc8 13. Ne5 Bd5 14. Bd3 c5 15. c4 Bb7 16. a3 Rd8 17. Bc2 cxd4 18. Bxd4 Qc7 19. Rfe1 Bc5 20. Bxc5 Rxd1 21. Rxd1 Qxc5 22. b4 Qc7 23. Qe3 Rd8 24. Rd4 Rxd4 25. Qxd4 Qe7 26. f3 Ne8 27. Ba4 Nd6 28. c5 bxc5 29. Qxc5 Qd8 30. Qxa7 Nf5 31. Nd7 Bc8 32. Qa5 Qh4 33. Qe5 Bxd7 34. Bxd7 Qd8 35. Bb5 Qd2 36. Bf1 Ne3 37. Qb8+ Kh7 38. Qb5 Qc1 39. Qd3+ g6 40. a4 Nxf1 41. Qxf1 Qa3 42. a5 Qxb4 43. a6 h5 44. Qa1 Qb6+ 45. Kf1 Qa7 46. Qa4 Kg7 47. Ke2 h4 48. Kd3 e5 49. Ke4 f6 50. Kd5 Qf7+ 51. Kd6 Qf8+ 52. Kd7 Qc5 53. Qc6 Qd4+ 54. Ke8 Kh6 55. Qxf6 Kh5 56. g4+ hxg3 57. hxg3 g5 58. Qf7+ Kh6 59. Qe6+ 1-0